 Dungeon Crawl Stone Soup version 0.31-a0-532-g28f74ba3e5 (webtiles) character file.

Game seed: 7364266846950513046

1914 cforsyth the Charlatan (level 9, -2/67 HPs)
             Began as a Gnoll Artificer on Aug 13, 2023.
             Was an Initiate of Hepliaklqana.
             Killed from afar by a steam dragon (17 damage)
             ... with a ball of steam
             ... on level 6 of the Dungeon.
             The game lasted 00:10:08 (5147 turns).

cforsyth the Charlatan (Gnoll Artificer)            Turns: 5147, Time: 00:10:08

Health: -2/67      AC: 10    Str: 12    XL:     9   Next: 16%
Magic:  15/15      EV: 13    Int: 15    God:    Hepliaklqana [......]
Gold:   287        SH:  0    Dex: 18    Spells: 16/16 levels left

rFire   . . .        i - +1 dagger (venom)
rCold   . . .        (no shield)
rNeg    . . .        e - +4 ring mail {rPois}
rPois   +            (no helmet)
rElec   .            (no cloak)
rCorr   .            (no gloves)
SInv    .            (no boots)
Will    +....        f - amulet of regeneration
Stlth   ++           j - +6 ring of dexterity
HPRegen 1.11/turn    n - ring of willpower
MPRegen 0.14/turn

%: no passive effects
@: no status effects
A: fangs 1, strong nose, distributed training
a: Renounce Religion


You were on level 6 of the Dungeon.
You worshipped Hepliaklqana.
Hepliaklqana was noncommittal.
You visited 2 branches of the dungeon, and saw 7 of its levels.
You also visited: Sewer.

You collected 287 gold pieces.

Inventory:

Hand Weapons
 a - a +1 club
 i - a +1 dagger of venom (weapon)
 y - a +0 dagger of electrocution
Missiles
 w - a throwing net
Armour
 b - a +0 leather armour
 e - a +4 ring mail of poison resistance (worn)
 k - a +1 chain mail
Jewellery
 f - an amulet of regeneration (around neck)
 j - a +6 ring of dexterity (left hand)
 n - a ring of willpower (right hand)
 o - a ring of magical power
 z - a ring of protection from cold
 C - a ring of see invisible
Wands
 d - a wand of charming (12)
 A - a wand of light (8)
Scrolls
 c - a scroll of identify
 p - 2 scrolls of teleportation
 q - a scroll of fear
 r - 3 scrolls of poison {unknown}
 x - a scroll of fog {unknown}
Potions
 g - 2 potions of attraction {unknown}
 h - a potion of magic {unknown}
 l - 2 potions of brilliance
 m - 5 potions of curing
 s - 2 potions of mutation {unknown}
 t - a potion of resistance {unknown}
 u - 2 potions of lignification {unknown}
 v - 2 potions of cancellation {unknown}
 B - a potion of degeneration {unknown}


   Skills:
 + Level 4.9 Fighting
 + Level 4.0 Short Blades
 + Level 4.0 Long Blades
 + Level 4.0 Axes
 + Level 4.0 Maces & Flails
 + Level 4.0 Polearms
 + Level 4.0 Staves
 + Level 4.0 Ranged Weapons
 + Level 4.0 Throwing
 + Level 6.2 Armour
 + Level 4.9 Dodging
 + Level 4.7 Stealth
 + Level 4.0 Shields
 + Level 4.0 Unarmed Combat
 + Level 4.0 Spellcasting
 + Level 3.3 Conjurations
 + Level 3.3 Hexes
 + Level 3.3 Summonings
 + Level 3.3 Necromancy
 + Level 3.3 Translocations
 + Level 3.3 Transmutations
 + Level 3.3 Fire Magic
 + Level 3.3 Ice Magic
 + Level 3.3 Air Magic
 + Level 3.3 Earth Magic
 + Level 3.3 Poison Magic
 + Level 4.4 Invocations
 + Level 7.8 Evocations
 + Level 3.3 Shapeshifting


You had 16 spell levels left.
You didn't know any spells.
Your spell library contained the following spells:

 Spells                   Type           Power      Damage    Failure   Level
 Kiss of Death            Conj/Necr      52%        2d9       10%         1
 Magic Dart               Conj           52%        1d5       10%         1
 Summon Small Mammal      Summ           52%        N/A       10%         1
 Call Imp                 Summ           26%        N/A       14%         2
 Lesser Beckoning         Tloc           26%        N/A       14%         2
 Call Canine Familiar     Summ           13%        N/A       28%         3
 Confusing Touch          Hex            13%        N/A       28%         3
 Dazzling Flash           Conj/Hex       26%        N/A       28%         3
 Frozen Ramparts          Ice            26%        1d4       28%         3
 Gell's Gravitas          Tloc           13%        N/A       28%         3
 Mephitic Cloud           Conj/Pois/Air  13%        N/A       28%         3
 Summon Guardian Golem    Hex/Summ       13%        N/A       28%         3
 Teleport Other           Tloc           13%        N/A       28%         3
 Dispel Undead            Necr           13%        3d9       67%         4
 Petrify                  Tmut/Erth      13%        N/A       67%         4
 Agony                    Necr           13%        N/A       95%         5
 Metabolic Englaciation   Hex/Ice        6%         N/A       95%         5
 Silence                  Hex/Air        6%         N/A       95%         5


Dungeon Overview and Level Annotations

Branches:
Dungeon (6/15)             Temple (1/1) D:6           Sewer (visited)

Altars:
Ashenzari
Cheibriados
Dithmenos
Gozag
Hepliaklqana
Kikubaaqudgha
Makhleb
Nemelex Xobeh
Okawaru
Qazlal
Ru
Trog
Uskayaw
Vehumet
Wu Jian
Xom
Yredelemnul
Zin
The Shining One

Shops:
D:4 [


Innate Abilities, Weirdness & Mutations

You have very sharp teeth.
Your uncanny sense of smell can sniff out nearby items.
Your experience applies equally to all skills.


Message History

You are engulfed in a cloud of scalding steam.
The steam dragon barely misses you.
The steam dragon claws you but does no damage.
You hit the steam dragon but do no damage.
The steam dragon looks as sick as possible!
The steam dragon is lightly wounded.
You are engulfed in a cloud of scalding steam.
The steam dragon breathes steam at you. The ball of steam hits you!
You barely miss the steam dragon.
The steam dragon is lightly wounded.
You are engulfed in a cloud of scalding steam.
You completely miss the steam dragon.
The steam dragon is lightly wounded.
You are engulfed in a cloud of scalding steam.
The steam dragon closely misses you. The steam dragon claws you.
You closely miss the steam dragon.
The steam dragon is moderately wounded.
You are engulfed in a cloud of scalding steam.
A water moccasin comes into view.
The steam dragon misses you. The steam dragon closely misses you.
You closely miss the steam dragon.
The steam dragon is heavily wounded.
You are engulfed in a cloud of scalding steam.
* * * LOW HITPOINT WARNING * * *
The steam dragon bites you but does no damage.
The steam dragon misses you.
You hit the steam dragon.
The steam dragon is severely wounded.
The steam dragon bites you but does no damage.
The steam dragon claws you but does no damage.
You hit the steam dragon but do no damage.
The steam dragon looks as sick as possible!
The steam dragon is severely wounded.
You closely miss the steam dragon.
You bite the steam dragon, but do no damage.
The steam dragon is severely wounded.
The steam dragon breathes steam at you. The ball of steam hits you!
You die...

##### ..... ... ...
#S# ##### #D# ....#
#@# ....# #.# ...|#
#.# ....# ###.##
##.###########....#
##.# #...........##
##.###.######....#
.........###..##.#
.........P######.#
..


You could see a steam dragon (extremely poisoned, catching breath) and a water
moccasin.

Vanquished Creatures
  Grinder (D:3)
  Prince Ribbit (D:5)
  Sigmund (D:5)
  Edmund (D:5)
  An orc warrior (D:5)
  3 black bears
  A centaur (D:5)
  A phantom (D:5)
  A kobold brigand (D:6)
  A hound (D:4)
  A jelly (D:6)
  A gnoll bouda (D:5)
  2 orc priests
  2 sleepcaps
  4 orc wizards
  4 iguanas
  A hell rat (Sewer)
  Robin (D:2)
  4 gnolls (D:5)
  4 adders
  A river rat (Sewer)
  2 white imps
  2 worms (D:2)
  2 dart slugs
  9 orcs
  8 endoplasms
  2 giant cockroaches
  12 goblins
  8 hobgoblins
  28 kobolds
  2 quokkas
  5 ball pythons
  6 bats
  2 frilled lizards (D:1)
  11 rats
136 creatures vanquished.

Vanquished Creatures (collateral kills)
  An orc wizard (D:5)
  An adder (D:4)
  An orc (D:5)
  A goblin (D:4)
4 creatures vanquished.

Vanquished Creatures (others)
  A hound (D:5)
1 creature vanquished.

Grand Total: 141 creatures vanquished

Notes
Turn   | Place    | Note
-------+----------+-------------------------------------------
     0 | D:1      | cforsyth the Gnoll Artificer began the quest for the Orb.
     0 | D:1      | Reached XP level 1. HP: 17/17 MP: 1/1
   152 | D:1      | Reached XP level 2. HP: 11/23 MP: 2/2
   863 | D:2      | Reached XP level 3. HP: 28/28 MP: 3/3
   880 | D:2      | Reached skill level 1 in Short Blades
   880 | D:2      | Reached skill level 1 in Long Blades
   880 | D:2      | Reached skill level 1 in Axes
   880 | D:2      | Reached skill level 1 in Maces & Flails
   880 | D:2      | Reached skill level 1 in Polearms
   880 | D:2      | Reached skill level 1 in Staves
   880 | D:2      | Reached skill level 1 in Ranged Weapons
   880 | D:2      | Reached skill level 1 in Throwing
   880 | D:2      | Reached skill level 1 in Shields
   880 | D:2      | Reached skill level 1 in Unarmed Combat
   880 | D:2      | Reached skill level 1 in Spellcasting
   880 | D:2      | Reached skill level 1 in Invocations
   929 | D:2      | Reached XP level 4. HP: 28/34 MP: 5/5
  1004 | D:2      | Noticed Robin
  1094 | D:2      | Killed Robin
  1095 | D:2      | Reached skill level 1 in Conjurations
  1095 | D:2      | Reached skill level 1 in Hexes
  1095 | D:2      | Reached skill level 1 in Summonings
  1095 | D:2      | Reached skill level 1 in Necromancy
  1095 | D:2      | Reached skill level 1 in Translocations
  1095 | D:2      | Reached skill level 1 in Transmutations
  1095 | D:2      | Reached skill level 1 in Fire Magic
  1095 | D:2      | Reached skill level 1 in Ice Magic
  1095 | D:2      | Reached skill level 1 in Air Magic
  1095 | D:2      | Reached skill level 1 in Earth Magic
  1095 | D:2      | Reached skill level 1 in Poison Magic
  1095 | D:2      | Reached skill level 1 in Shapeshifting
  1222 | D:2      | Found a hide-covered altar of Uskayaw.
  1855 | D:3      | Noticed Grinder
  1867 | D:3      | Killed Grinder
  1868 | D:3      | Reached skill level 5 in Armour
  1868 | D:3      | Reached XP level 5. HP: 41/41 MP: 5/8
  1868 | D:3      | Reached XP level 6. HP: 47/47 MP: 5/9
  2816 | D:4      | Found a glowing drain.
  2825 | Sewer    | Entered a sewer
  2873 | Sewer    | Reached XP level 7. HP: 20/49 MP: 10/10
  3058 | D:4      | Reached skill level 7 in Evocations
  3071 | D:4      | Found Fyll's Antique Armour Shop.
  3335 | D:5      | Entered Level 5 of the Dungeon
  3506 | D:5      | Noticed Prince Ribbit
  3520 | D:5      | HP: 2/53 [black bear (3)]
  3560 | D:5      | Killed Prince Ribbit
  3561 | D:5      | Reached XP level 8. HP: 51/60 MP: 12/12
  3743 | D:5      | Noticed Edmund
  3745 | D:5      | Found an iron altar of Okawaru.
  3786 | D:5      | Your ally Edmund died
  4109 | D:5      | Noticed Sigmund
  4114 | D:5      | Killed Sigmund
  4537 | D:5      | Reached XP level 9. HP: 45/66 MP: 14/14
  4849 | D:6      | Found a staircase to the Ecumenical Temple.
  4893 | Temple   | Entered the Ecumenical Temple
  4900 | Temple   | Became a worshipper of Hepliaklqana the Forgotten
  5147 | D:6      | Killed from afar by a steam dragon

Illustrated notes

Levels and vault maps discovered:
D:1:      co_arrival_hexagon_in_a_hexagon, layout_basic
D:2:      layout_loops_cross, basic_altar, minivault_26, st_stairs_5, uniq_robin
D:3:      layout_loops_corners, uniq_grinder
D:4:      layout_basic, portal_sewer_entry_d, serial_shops, shop
D:5:      layout_loops_ring, lemuel_coloured_pillars_altar, uniq_edmund,
          uniq_sigmund, uniq_prince_ribbit1
D:6:      kennysheep_kobold_camp, layout_rooms, temple_green
Temple:   hc_temple_tempest_star

Skill      XL: |  1  2  3  4  5  6  7  8  9 |
---------------+----------------------------+-----
Short Blades   | 1 2 3 4 |  4.0
Long Blades    | 1 2 3 4 |  4.0
Axes           | 1 2 3 4 |  4.0
Maces & Flails | 1 2 3 4 |  4.0
Polearms       | 1 2 3 4 |  4.0
Staves         | 1 2 3 4 |  4.0
Ranged Weapons | 1 2 3 4 |  4.0
Throwing       | 1 2 3 4 |  4.0
Shields        | 1 2 3 4 |  4.0
Unarmed Combat | 1 2 3 4 |  4.0
Spellcasting   | 1 2 3 4 |  4.0
Invocations    | 1 2 3 4 |  4.4
Conjurations   | 1 2 3 |  3.3
Hexes          | 1 2 3 |  3.3
Summonings     | 1 2 3 |  3.3
Necromancy     | 1 2 3 |  3.3
Translocations | 1 2 3 |  3.3
Transmutations | 1 2 3 |  3.3
Fire Magic     | 1 2 3 |  3.3
Ice Magic      | 1 2 3 |  3.3
Air Magic      | 1 2 3 |  3.3
Earth Magic    | 1 2 3 |  3.3
Poison Magic   | 1 2 3 |  3.3
Shapeshifting  | 1 2 3 |  3.3
Fighting       | 3 4 |  4.9
Armour         | 5 6 |  6.2
Dodging        | 3 4 |  4.9
Stealth        | 3 4 |  4.7
Evocations     | 7 |  7.8

Action                     |  1- 3 |  4- 6 |  7- 9 || total
---------------------------+-------+-------+-------++-------
  Melee: Club              |   118 |   229 |       ||   347
         Bite              |     7 |    33 |    54 ||    94
         Punch             |     3 |     5 |     9 ||    17
         Dagger            |       |    23 |   327 ||   350
  Evoke: Wand              |     8 |    11 |     4 ||    23
    Use: Scroll            |       |     6 |       ||     6
         Potion            |       |       |     1 ||     1
   Stab: Sleeping          |     2 |       |     1 ||     3
 Armour: Leather armour    |    14 |       |       ||    14
         Chain mail        |    19 |   135 |    94 ||   248
         Ring mail         |       |       |    66 ||    66
  Dodge: Dodged            |    72 |    91 |   146 ||   309

Table legend: (Time is in decaauts)
 A = Elapsed time spent in this place.
 B = Non-inter-level travel time spent in this place.
 C = Inter-level travel time spent in this place.
 D = Time resting spent in this place.
 E = Time spent auto-exploring this place.
 F = Levels seen in this place.
 G = Mean time per level.
                   A        B        C        D        E       F      G
               +--------+--------+--------+--------+--------+-----+--------+
         Total |   5199 |   5064 |    135 |    276 |   3160 |   8 |  649.9 |
       Dungeon |   5082 |   4954 |    128 |    276 |   3133 |   6 |  847.0 |
        Temple |     14 |      7 |      7 |      0 |      0 |   1 |   14.0 |
         Sewer |    102 |    102 |      0 |      0 |     27 |   1 |  102.0 |
               +--------+--------+--------+--------+--------+-----+--------+

Top non-repeatable levels by time:
     D:5: 1296 daAuts
     D:3: 948 daAuts
     D:1: 874 daAuts
     D:2: 784 daAuts
     D:4: 724 daAuts
     D:6: 454 daAuts
   Sewer: 102 daAuts
  Temple: 14 daAuts
